cohdb
Replays
Latest Replays
All Replays
Popular Replays
Top Player Replays
Match Explorer
How It Works
Community
CoH3 Stats
Reddit
Sign in to upload your games and track your stats! →
Sign in with Steam
Match 32522269
Unlisted
Match 32522269
Overview
Messages
Build Orders
End
Scout Squad
Scout Squad
Selects Advanced Infantry Battlegroup
Selects Advanced Infantry Battlegroup
Construct Barracks
Riflemen Squad
Riflemen Squad
Infantry Support Center
Grenade Package
Selects Convert to Ranger Squad
Riflemen Squad
Construct Weapon Support Center
Selects Frontline Medical Station
Frontline Medical Station
Bazooka Squad
Riflemen Squad
Engineer Squad
Selects Infantry Assault
Selects Ammunition Storage
Infantry Assault
Bazooka Squad
Advanced Logistics
Survival Training
Mortar Pit
Selects M2A1 105mm Howitzer Emplacement
Infantry Assault
Engineer Squad
Frontline Medical Station
Frontline Medical Station
Engineer Squad
Asa
Happy Se Hyeon
摩诘
神鹰
[EASY] CLUBs37
DebaKLe
MoSkiTo
NachoMz
0
0
Comments
sign in to comment!
No comments posted yet!